 Dungeon Crawl Stone Soup version 0.27-a0-1051-g288ea87c7c (webtiles) character file.

Game seed: 11874701897785702856

4 snetch the Chopper (level 1, 0/20 HPs)
             Began as a Hill Orc Monk on Apr 21, 2021.
             Slain by a worm (12 damage)
             ... on level 2 of the Dungeon.
             The game lasted 00:00:31 (165 turns).

snetch the Chopper (Hill Orc Monk)                   Turns: 165, Time: 00:00:32

Health: 0/20       AC:  2    Str: 13    XL:     1   Next: 60%
Magic:  1/1        EV: 12    Int: 10    God:
Gold:   0          SH:  0    Dex: 13    Spells: 0/0 levels left

rFire    . . .     SeeInvis .   a - +0 hand axe
rCold    . . .     Faith    .   (no shield)
rNeg     . . .     Spirit   .   b - +0 robe
rPois    .         Reflect  .   (no helmet)
rElec    .         Harm     .   (no cloak)
rCorr    .         Rampage  .   (no gloves)
Will     .....                  (no boots)
Stlth    ++........             (no amulet)
HPRegen  0.06/turn              (no ring)
MPRegen  0.07/turn              (no ring)

@: no status effects
A: no striking features
a: no special abilities


You were on level 2 of the Dungeon.
You visited 1 branch of the dungeon, and saw 2 of its levels.

Inventory:

Hand Weapons
 a - a +0 hand axe (weapon)
Missiles
 c - 2 stones (quivered)
Armour
 b - a +0 robe (worn)
Jewellery
 f - a ring of ice
Scrolls
 d - a scroll of noise {unknown}
 e - a scroll of identify {unknown}


   Skills:
 + Level 3.8 Fighting
 + Level 4.0 Axes
 + Level 2.5 Dodging
 + Level 1.5 Stealth


You couldn't memorise any spells.
You didn't know any spells.
Your spell library was empty.

Dungeon Overview and Level Annotations

Branches:
Dungeon (2/15)

Altars:


Message History

You barely miss the bat. The bat hits you. The bat barely misses you.
The bat hits you but does no damage.
You barely miss the bat. The bat hits you but does no damage.
The bat barely misses you.
You slash the bat!
You kill the bat!
No target in view!
No target in view!
You see here a bat corpse.
Found a stone staircase leading down.
There is a stone staircase leading down here.
You climb downwards.
A bat, 2 worms and a kobold come into view.
Found 7 curare-tipped darts.
Found a stone staircase leading down.
There is a stone staircase leading up here.
The helpless worm fails to defend itself.
You hit the worm.
The worm is moderately wounded.
The bat misses you. The worm bites you!
Unknown command.
You barely miss the worm.
The worm is moderately wounded.
The kobold shouts!
The bat barely misses you. The worm bites you but does no damage.
Unknown command.
You hit the worm.
The worm is moderately wounded.
The bat closely misses you. The bat hits you.
A ball python comes into view.
You hit the worm.
The worm is heavily wounded.
The bat closely misses you. The bat barely misses you.
The worm closely misses you.
Unknown command.
You hit the worm.
The worm is heavily wounded.
You hit the bat. The bat hits you but does no damage. The worm bites you!
Ouch! That really hurt!
You die...

## .## .. # # .
##.# .#.. ...
#.. ....#
#....##.#..S#
.......@....#
.....b#w.......
..... #...K....
..(. ###..>...
..w .#.### ..
..... . #.###
.#


You could see 2 worms, a bat, a ball python and a kobold.

Vanquished Creatures
  2 bats (D:1)
  A frilled lizard (D:1)
  2 kobolds
5 creatures vanquished.

Notes
Turn   | Place    | Note
-------+----------+-------------------------------------------
     0 | D:1      | snetch the Hill Orc Monk began the quest for the Orb.
     0 | D:1      | Reached XP level 1. HP: 19/19 MP: 1/1
   165 | D:2      | Slain by a worm

Illustrated notes

Levels and vault maps discovered:
D:1:      dpeg_arrival_pits, layout_loops_ring, basic_ecumenical_altar,
          serial_bayou_pond_d
D:2:      layout_basic, serial_shops, nicolae_shop_trees

Action                   || total
-------------------------++-------
Melee: Hand axe          ||    16
 Stab: Sleeping          ||     1
Armor: Robe              ||     7
Dodge: Dodged            ||    11

Table legend: (Time is in decaauts)
 A = Elapsed time spent in this place.
 B = Non-inter-level travel time spent in this place.
 C = Inter-level travel time spent in this place.
 D = Time resting spent in this place.
 E = Time spent auto-exploring this place.
 F = Levels seen in this place.
 G = Mean time per level.
                   A        B        C        D        E       F      G
               +--------+--------+--------+--------+--------+-----+--------+
         Total |    167 |    167 |      0 |      0 |     95 |   2 |   83.5 |
       Dungeon |    167 |    167 |      0 |      0 |     95 |   2 |   83.5 |
               +--------+--------+--------+--------+--------+-----+--------+

Top non-repeatable levels by time:
     D:1: 140 daAuts
     D:2: 26 daAuts
